Penguins vs Flyers
Created - January 16, 2024 at 19:35
Goals
|
Penguins |
0 |
3 |
2 |
5 |
Flyers |
3 |
2 |
1 |
6 |
|
Shots
|
Penguins |
7 |
19 |
12 |
38 |
Flyers |
12 |
6 |
18 |
36 |
|
1st period
1. Flyers , Kasperi Kapanen 11 (Max Pacioretty 12, Nick Ritchie 21) at 2:01
2. Flyers , Nick Ritchie 16 (Jordan Nolan 28, Jakub Voracek 25) at 7:44
3. Flyers , Calle Jarnkrok 3 (Michael Bournival 6, Jordan Nolan 29) at 8:53
Penalties :
Jake Dotchin (Phi) for Hooking (Minor) at 4:48, Jordan Nolan (Phi) for Hooking (Minor) at 11:29, Danny DeKeiser (Pit) for Hooking (Minor) at 16:49
2nd period
4. Penguins , Marcus Foligno 7 (Derek Stepan 12, Pavel Zacha 6) at 1:39
5. Flyers , Max Pacioretty 10 (Jeff Carter 9, Jacob Trouba 12) at 6:04
6. Penguins , Oscar Klefbom 4 (Sebastian Aho 21, Mark Scheifele 33) at 11:47
7. Flyers , Max Pacioretty 11 (Kasperi Kapanen 17, Jacob Trouba 13) at 12:25
8. Penguins , Derek Stepan 13 (Nick Leddy 16) at 15:50
Penalties :
No Penalty
3rd period
9. Flyers , Ivan Provorov 1 (Brian Lashoff 8) at 6:17 (PP)
10. Penguins , Evan Rodrigues 2 (Keith Aulie 8, Dmitrij Jaskin 4) at 10:14
11. Penguins , Pavel Buchnevich 10 (Tom Wilson 8, Nick Leddy 17) at 17:18
Penalties :
Max Pacioretty (Phi) for Hooking (Minor) at 2:21, Marcus Johansson (Pit) for Hooking (Minor) at 5:29, Michael Bournival (Phi) for Slashing (Minor) at 12:57
Goalie Stats
Andrei Vasilevskiy (Pit), 18 saves from 20 shots - (0.900), L, 14-11-3, 33:46 minutes
Braden Holtby (Pit), 12 saves from 16 shots - (0.750), 26:04 minutes
Steve Mason (Phi), 33 saves from 38 shots - (0.868), W, 10-16-3, 60:00 minutes
Players Stats for Penguins
Player Name G A P +/- PIM S H SB GA TA FO MP PP MP PK MP
------------------------------------------------------------------------------------
Brandon Tanev 0 0 0 1 0 2 2 0 1 0 0/0 8:38 0:18 0:37
Danny DeKeiser 0 0 0 0 2 2 3 1 0 1 0/0 16:36 0:33 0:36
Derek Stepan 1 1 2 0 0 2 1 0 1 0 4/10 16:57 3:26 0:00
Dmitrij Jaskin 0 1 1 1 0 2 0 0 0 0 0/0 7:41 0:00 0:00
Evan Rodrigues 1 0 1 1 0 1 1 1 0 0 2/5 7:41 0:00 0:00
Keith Aulie 0 1 1 0 0 1 1 0 0 1 0/0 20:44 3:46 1:44
Marcus Foligno 1 0 1 0 0 5 0 0 0 0 0/0 18:52 3:26 1:55
Marcus Johansson 0 0 0 0 2 4 1 3 3 0 1/1 20:49 3:26 0:15
Mark Scheifele 0 1 1 0 0 6 0 0 1 0 0/3 22:13 4:29 0:37
Max Reinhart 0 0 0 -1 0 3 2 0 0 0 4/9 12:51 0:00 1:55
Neal Pionk 0 0 0 -2 0 0 0 1 0 1 0/0 11:52 0:33 0:39
Nick Leddy 0 2 2 2 0 1 2 5 0 0 0/0 27:42 3:37 0:27
Oscar Klefbom 1 0 1 2 0 4 1 2 1 2 0/0 29:08 3:37 2:08
Pavel Buchnevich 1 0 1 -1 0 1 2 0 0 0 0/0 11:19 0:19 0:00
Pavel Zacha 0 1 1 0 0 2 1 0 0 0 0/0 17:41 4:12 0:00
Sebastian Aho 0 1 1 0 0 1 1 0 0 1 18/40 21:19 4:12 0:00
Tom Wilson 0 1 1 -1 0 0 2 0 0 0 0/0 11:11 0:00 0:15
Tyson Barrie 0 0 0 -2 0 1 1 0 0 0 0/0 13:57 3:46 0:00
Players Stats for Flyers
Player Name G A P +/- PIM S H SB GA TA FO MP PP MP PK MP
------------------------------------------------------------------------------------
Blake Heinrich 0 0 0 1 0 0 0 0 0 0 0/0 9:38 0:00 0:00
Brian Lashoff 0 1 1 -1 0 1 0 2 0 1 0/0 19:46 1:12 3:07
Brock Nelson 0 0 0 -1 0 1 1 0 1 1 0/0 7:13 0:00 0:58
Calle Jarnkrok 1 0 1 0 0 5 2 0 0 1 5/8 12:23 0:00 0:17
Ivan Provorov 1 0 1 -1 0 2 0 2 1 0 0/0 19:46 1:12 3:07
Jacob Trouba 0 2 2 0 0 1 1 2 0 2 0/0 30:36 1:35 4:49
Jake Dotchin 0 0 0 1 2 0 0 0 0 0 0/0 9:46 0:00 0:00
Jakub Voracek 0 1 1 -1 0 4 0 0 0 0 0/1 21:42 1:30 2:25
Jeff Carter 0 1 1 2 0 3 2 0 0 0 13/16 16:50 1:17 2:25
Jordan Nolan 0 2 2 -1 2 5 2 0 0 0 17/32 23:15 1:30 3:07
Kasperi Kapanen 1 1 2 2 0 4 4 0 3 0 1/1 14:25 1:17 0:00
Max Pacioretty 2 1 3 2 2 5 2 2 1 1 0/0 14:44 1:17 0:00
Michael Bournival 0 1 1 0 2 0 2 0 0 1 0/1 10:39 0:00 0:00
Nathan Beaulieu 0 0 0 0 0 0 0 3 0 0 0/0 30:36 1:35 4:49
Nick Ritchie 1 1 2 -1 0 3 2 0 0 0 2/3 23:57 1:30 4:17
Niclas Bergfors 0 0 0 0 0 1 0 0 0 0 0/2 11:44 0:00 0:00
Travis Konecny 0 0 0 -1 0 0 0 0 0 0 0/1 5:46 0:00 0:00
Travis Zajac 0 0 0 -1 0 1 0 0 0 0 1/3 9:14 0:00 2:23
3 Stars
1 - Max Pacioretty (Phi)
2 - Kasperi Kapanen (Phi)
3 - Nick Leddy (Pit)
Power Play
Penguins - 0 on 4 Attempt(s) - 0.00%
Flyers - 1 on 2 Attempt(s) - 50.00%
Penalty Kill
Penguins - 1 on 2 Attempt(s) - 50.00%
- Score 0 goal in Penalty Kill
Flyers - 4 on 4 Attempt(s) - 100.00%
- Score 0 goal in Penalty Kill
Team Stat
Penguins - Hits : 21 - Faceoff Wins : 29 - Blocked Shots : 13 - Penalty Minutes : 4
Flyers - Hits : 18 - Faceoff Wins : 39 - Blocked Shots : 11 - Penalty Minutes : 8
Official
Referees : Justin St. Pierre and Frederick L'Ecuyer
Linesman : Ryan Daisy and Matt MacPherson
Game Notes
Andrei Vasilevskiy enters game at 6:04 of 2nd period
Finance
Level 1 -- Attendance: 6000 (100.00%) -- Ticket Income $600,000
Level 2 -- Attendance: 5000 (100.00%) -- Ticket Income $300,000
Level 3 -- Attendance: 2000 (100.00%) -- Ticket Income $70,000
Level 4 -- Attendance: 3846 (96.15%) -- Ticket Income $96,150
Luxury Box -- Attendance: 996 (99.60%) -- Ticket Income $199,200
Game was played at the Wells Fargo Center.
Total Attendance: 17842 (99.12%)
Total Ticket Income: $1,265,350
Other Income: $189,802
Total Income: $1,455,152
Penguins
5 vs 5 Forward
Center Left Wing Right Wing Time % Phy DF OF
1 Sebastian Aho Marcus Johansson Mark Scheifele 40 1 2 2
2 Derek Stepan Pavel Zacha Marcus Foligno 30 1 2 2
3 Max Reinhart Pavel Buchnevich Tom Wilson 20 1 2 2
4 Evan Rodrigues Brandon Tanev Dmitrij Jaskin 10 1 2 2
5 vs 5 Defense
Defense Defense Time % Phy DF OF
1 Oscar Klefbom Nick Leddy 40 1 2 2
2 Danny DeKeiser Keith Aulie 30 1 2 2
3 Neal Pionk Tyson Barrie 20 1 2 2
4 Oscar Klefbom Nick Leddy 10 1 2 2
PowerPlay Forward
Center Left Wing Right Wing Time % Phy DF OF
1 Sebastian Aho Pavel Zacha Mark Scheifele 60 1 1 3
2 Derek Stepan Marcus Johansson Marcus Foligno 40 1 1 3
PowerPlay Defense
Defense Defense Time % Phy DF OF
1 Oscar Klefbom Nick Leddy 60 1 1 3
2 Keith Aulie Tyson Barrie 40 1 1 3
Penalty Kill 4 Players Forward
Center Wing Time % Phy DF OF
1 Max Reinhart Marcus Foligno 60 1 3 1
2 Mark Scheifele Brandon Tanev 40 1 3 1
Penalty Kill 4 Players Defense
Defense Defense Time % Phy DF OF
1 Oscar Klefbom Danny DeKeiser 60 1 3 1
2 Keith Aulie Neal Pionk 40 1 3 1
Penalty Kill - 3 Players Forward
Forward Time % Phy DF OF
1 Max Reinhart 60 1 3 1
2 Marcus Foligno 40 1 3 1
Penalty Kill - 3 Players Defense
Defense Defense Time % Phy DF OF
1 Danny DeKeiser Oscar Klefbom 60 1 3 1
2 Keith Aulie Neal Pionk 40 1 3 1
4 vs 4 Forward
Center Wing Time % Phy DF OF
1 Sebastian Aho Mark Scheifele 60 1 2 2
2 Derek Stepan Pavel Buchnevich 40 1 2 2
4 vs 4 Defense
Defense Defense Time % Phy DF OF
1 Oscar Klefbom Nick Leddy 60 1 2 2
2 Danny DeKeiser Keith Aulie 40 1 2 2
Last Minutes Offensive
Center Left Wing Right Wing Defense Defense
Sebastian Aho Marcus Johansson Mark Scheifele Oscar Klefbom Nick Leddy
Last Minutes Defensive
Center Left Wing Right Wing Defense Defense
Max Reinhart Brandon Tanev Marcus Foligno Oscar Klefbom Danny DeKeiser
Goaltenders
Starting : Braden Holtby
Backup : Andrei Vasilevskiy
Extra Forwards
Normal : Mark Scheifele, Derek Stepan, Pavel Buchnevich - PP : Mark Scheifele, Pavel Buchnevich - PK : Tom Wilson
Extra Defensemen
Normal : Oscar Klefbom, Keith Aulie, Tyson Barrie - PP : Nick Leddy - PK : Danny DeKeiser, Keith Aulie
Penalty Shots
Mark Scheifele, Pavel Buchnevich, Marcus Foligno, Derek Stepan, Marcus Johansson
Custom OT Lines Forwards
Mark Scheifele, Pavel Zacha, Derek Stepan, Marcus Johansson, Marcus Foligno, Max Reinhart, Pavel Buchnevich, Tom Wilson, Brandon Tanev, Dmitrij Jaskin
Custom OT Lines Defensemen
Danny DeKeiser, Oscar Klefbom, Keith Aulie, Nick Leddy, Neal Pionk
Scratches
None
Flyers
5 vs 5 Forward
Center Left Wing Right Wing Time % Phy DF OF
1 Jordan Nolan Nick Ritchie Jakub Voracek 40 1 2 2
2 Jeff Carter Max Pacioretty Kasperi Kapanen 30 1 2 2
3 Calle Jarnkrok Michael Bournival Niclas Bergfors 20 1 2 2
4 Travis Zajac Brock Nelson Travis Konecny 10 1 2 2
5 vs 5 Defense
Defense Defense Time % Phy DF OF
1 Jacob Trouba Nathan Beaulieu 40 1 2 2
2 Brian Lashoff Ivan Provorov 30 1 2 2
3 Jake Dotchin Blake Heinrich 20 1 2 2
4 Jacob Trouba Nathan Beaulieu 10 1 2 2
PowerPlay Forward
Center Left Wing Right Wing Time % Phy DF OF
1 Jordan Nolan Nick Ritchie Jakub Voracek 60 1 2 2
2 Jeff Carter Max Pacioretty Kasperi Kapanen 40 1 2 2
PowerPlay Defense
Defense Defense Time % Phy DF OF
1 Jacob Trouba Nathan Beaulieu 60 1 2 2
2 Brian Lashoff Ivan Provorov 40 1 2 2
Penalty Kill 4 Players Forward
Center Wing Time % Phy DF OF
1 Jordan Nolan Nick Ritchie 60 1 2 2
2 Jakub Voracek Jeff Carter 40 1 2 2
Penalty Kill 4 Players Defense
Defense Defense Time % Phy DF OF
1 Jacob Trouba Nathan Beaulieu 60 1 2 2
2 Brian Lashoff Ivan Provorov 40 1 2 2
Penalty Kill - 3 Players Forward
Forward Time % Phy DF OF
1 Jordan Nolan 60 1 2 2
2 Nick Ritchie 40 1 2 2
Penalty Kill - 3 Players Defense
Defense Defense Time % Phy DF OF
1 Jacob Trouba Nathan Beaulieu 60 1 2 2
2 Brian Lashoff Ivan Provorov 40 1 2 2
4 vs 4 Forward
Center Wing Time % Phy DF OF
1 Jordan Nolan Nick Ritchie 60 1 2 2
2 Jakub Voracek Jeff Carter 40 1 2 2
4 vs 4 Defense
Defense Defense Time % Phy DF OF
1 Jacob Trouba Nathan Beaulieu 60 1 2 2
2 Brian Lashoff Ivan Provorov 40 1 2 2
Last Minutes Offensive
Center Left Wing Right Wing Defense Defense
Jordan Nolan Nick Ritchie Jakub Voracek Jacob Trouba Nathan Beaulieu
Last Minutes Defensive
Center Left Wing Right Wing Defense Defense
Jordan Nolan Nick Ritchie Jakub Voracek Jacob Trouba Nathan Beaulieu
Goaltenders
Starting : Steve Mason
Backup : Ilya Sorokin
Extra Forwards
Normal : Niclas Bergfors, Calle Jarnkrok, Travis Zajac - PP : Niclas Bergfors, Calle Jarnkrok - PK : Travis Zajac
Extra Defensemen
Normal : Jake Dotchin, Blake Heinrich, Brian Lashoff - PP : Jake Dotchin - PK : Blake Heinrich, Brian Lashoff
Penalty Shots
Jordan Nolan, Nick Ritchie, Jakub Voracek, Jeff Carter, Max Pacioretty
Custom OT Lines Forwards
Jordan Nolan, Nick Ritchie, Jakub Voracek, Jeff Carter, Max Pacioretty, Kasperi Kapanen, Niclas Bergfors, Calle Jarnkrok, Travis Zajac, Travis Konecny
Custom OT Lines Defensemen
Jacob Trouba, Nathan Beaulieu, Brian Lashoff, Ivan Provorov, Jake Dotchin
Scratches
None
% Time on Ice - Penguins
Lines # - Real PCT - Wanted PCT - Time Play
Normal Forward
1 - 33% - 40% - 16:03
2 - 28% - 30% - 13:31
3 - 23% - 20% - 10:56
4 - 16% - 10% - 7:41
Normal Defense
1 - 42% - 40% - 20:02
2 - 32% - 30% - 15:36
3 - 21% - 20% - 10:03
4 - 5% - 10% - 2:30
PP Forward
1 - 57% - 60% - 4:30
2 - 43% - 40% - 3:26
PP Defense
1 - 53% - 60% - 4:10
2 - 47% - 40% - 3:46
PK Forward
1 - 78% - 60% - 2:10
2 - 22% - 40% - 0:37
PK Defense
1 - 93% - 60% - 2:35
2 - 7% - 40% - 0:12
PK3 Forward
1 - 0% - 60%
2 - 0% - 40%
PK3 Defense
1 - 0% - 60%
2 - 0% - 40%
44 Forward
1 - 0% - 60%
2 - 0% - 40%
44 Defense
1 - 0% - 60%
2 - 0% - 40%
Last Minute Offensive - 1:06
Last Minute Defensive - 0:00
Total
Forward - 60:00
Defense - 60:00
|
% Time on Ice - Flyers
Lines # - Real PCT - Wanted PCT - Time Play
Normal Forward
1 - 39% - 40% - 18:39
2 - 27% - 30% - 13:08
3 - 22% - 20% - 10:39
4 - 12% - 10% - 5:46
Normal Defense
1 - 43% - 40% - 20:30
2 - 31% - 30% - 15:03
3 - 20% - 20% - 9:38
4 - 6% - 10% - 3:01
PP Forward
1 - 54% - 60% - 1:30
2 - 46% - 40% - 1:17
PP Defense
1 - 57% - 60% - 1:35
2 - 43% - 40% - 1:12
PK Forward
1 - 70% - 60% - 5:31
2 - 30% - 40% - 2:25
PK Defense
1 - 61% - 60% - 4:49
2 - 39% - 40% - 3:07
PK3 Forward
1 - 0% - 60%
2 - 0% - 40%
PK3 Defense
1 - 0% - 60%
2 - 0% - 40%
44 Forward
1 - 0% - 60%
2 - 0% - 40%
44 Defense
1 - 0% - 60%
2 - 0% - 40%
Last Minute Offensive - 0:00
Last Minute Defensive - 1:05
Total
Forward - 60:00
Defense - 60:00
|
Play-by-Play
1st period
0:01 of 1st period - Jordan Nolan wins face-off versus Mark Scheifele in neutral zone.
0:10 of 1st period - Snap shot by Nick Ritchie.
0:10 of 1st period - Shot Misses the Net.
1:13 of 1st period - Travis Zajac is hit by Brandon Tanev and loses puck.
1:34 of 1st period - Tyson Barrie is hit by Jordan Nolan and loses puck.
2:01 of 1st period - Wrist shot by Kasperi Kapanen.
2:01 of 1st period - Goal by Kasperi Kapanen - Penguins : 0 - Flyers : 1.
2:02 of 1st period - Jeff Carter wins face-off versus Derek Stepan in neutral zone.
2:29 of 1st period - Nick Ritchie is hit by Marcus Johansson and loses puck.
2:58 of 1st period - Tom Wilson is hit by Michael Bournival and loses puck.
3:47 of 1st period - Oscar Klefbom is hit by Brock Nelson and loses puck.
3:53 of 1st period - Icing by Oscar Klefbom.
3:54 of 1st period - Evan Rodrigues wins face-off versus Jordan Nolan in Penguins zone.
4:08 of 1st period - Snap shot by Nick Ritchie.
4:08 of 1st period - Shot Misses the Net.
4:48 of 1st period - Minor Penalty to Jake Dotchin for Hooking.
4:49 of 1st period - Sebastian Aho wins face-off versus Jordan Nolan in Flyers zone.
4:49 of 1st period - Wrist shot by Mark Scheifele.
4:49 of 1st period - Shot Misses the Net.
4:51 of 1st period - Slapshot by Keith Aulie.
4:51 of 1st period - Shot Blocked by Nathan Beaulieu.
4:53 of 1st period - Slapshot by Tyson Barrie.
4:53 of 1st period - Shot Blocked by Nathan Beaulieu.
4:55 of 1st period - Slapshot by Keith Aulie.
4:55 of 1st period - Deflect By Mark Scheifele.
4:55 of 1st period - Shot Misses the Net.
4:55 of 1st period - Puck is out of play.
4:56 of 1st period - Sebastian Aho wins face-off versus Jordan Nolan in Flyers zone.
5:23 of 1st period - Wrist shot by Sebastian Aho.
5:23 of 1st period - Shot Misses the Net.
6:48 of 1st period - Penalty to Jake Dotchin is over, Jake Dotchin is back on ice.
6:56 of 1st period - Icing by Oscar Klefbom.
6:57 of 1st period - Kasperi Kapanen wins face-off versus Max Reinhart in Penguins zone.
7:04 of 1st period - Wrist shot by Kasperi Kapanen.
7:04 of 1st period - Shot Hit the Post.
7:06 of 1st period - Snap shot by Jeff Carter.
7:06 of 1st period - Stopped by Braden Holtby with a rebound.
7:08 of 1st period - Wrist shot by Kasperi Kapanen.
7:08 of 1st period - Shot Blocked by Nick Leddy.
7:10 of 1st period - Snap shot by Max Pacioretty.
7:10 of 1st period - Shot Blocked by Nick Leddy.
7:26 of 1st period - Off-side.
7:27 of 1st period - Jordan Nolan wins face-off versus Evan Rodrigues in neutral zone.
7:30 of 1st period - Backhand shot by Jordan Nolan.
7:30 of 1st period - Deflect By Danny DeKeiser.
7:30 of 1st period - Stopped by Braden Holtby without a rebound.
7:31 of 1st period - Sebastian Aho wins face-off versus Jordan Nolan in Penguins zone.
7:44 of 1st period - Wrist shot by Nick Ritchie.
7:44 of 1st period - Goal by Nick Ritchie - Penguins : 0 - Flyers : 2.
7:45 of 1st period - Jordan Nolan wins face-off versus Sebastian Aho in neutral zone.
8:00 of 1st period - Snap shot by Nick Ritchie.
8:00 of 1st period - Stopped by Braden Holtby without a rebound.
8:01 of 1st period - Jeff Carter wins face-off versus Derek Stepan in Penguins zone.
8:53 of 1st period - Snap shot by Calle Jarnkrok.
8:53 of 1st period - Goal by Calle Jarnkrok - Penguins : 0 - Flyers : 3.
8:54 of 1st period - Jordan Nolan wins face-off versus Sebastian Aho in neutral zone.
9:21 of 1st period - Jordan Nolan is hit by Max Reinhart and loses puck.
9:56 of 1st period - Blake Heinrich is hit by Danny DeKeiser and loses puck.
10:03 of 1st period - Snap shot by Jakub Voracek.
10:03 of 1st period - Deflect By Jordan Nolan.
10:03 of 1st period - Stopped by Braden Holtby with a rebound.
10:05 of 1st period - Wrist shot by Nick Ritchie.
10:05 of 1st period - Stopped by Braden Holtby without a rebound.
10:06 of 1st period - Derek Stepan wins face-off versus Jeff Carter in Penguins zone.
10:15 of 1st period - Snap shot by Marcus Foligno.
10:15 of 1st period - Stopped by Steve Mason with a rebound.
10:21 of 1st period - Snap shot by Marcus Foligno.
10:21 of 1st period - Stopped by Steve Mason with a rebound.
10:23 of 1st period - Wrist shot by Nick Leddy.
10:23 of 1st period - Shot Blocked by Nathan Beaulieu.
10:47 of 1st period - Marcus Johansson is hit by Michael Bournival and loses puck.
10:58 of 1st period - Ivan Provorov is hit by Evan Rodrigues and loses puck.
11:05 of 1st period - Snap shot by Dmitrij Jaskin.
11:05 of 1st period - Stopped by Steve Mason with a rebound.
11:09 of 1st period - Wrist shot by Brandon Tanev.
11:09 of 1st period - Stopped by Steve Mason without a rebound.
11:10 of 1st period - Jeff Carter wins face-off versus Derek Stepan in Flyers zone.
11:21 of 1st period - Wrist shot by Kasperi Kapanen.
11:21 of 1st period - Shot Misses the Net.
11:26 of 1st period - Off-side.
11:27 of 1st period - Jordan Nolan wins face-off versus Sebastian Aho in neutral zone.
11:29 of 1st period - Minor Penalty to Jordan Nolan for Hooking.
11:30 of 1st period - Sebastian Aho wins face-off versus Travis Zajac in Flyers zone.
11:34 of 1st period - Snap shot by Sebastian Aho.
11:34 of 1st period - Shot Misses the Net.
11:36 of 1st period - Slapshot by Nick Leddy.
11:36 of 1st period - Shot Misses the Net.
11:56 of 1st period - Marcus Foligno is hit by Nick Ritchie.
12:33 of 1st period - Icing by Tyson Barrie.
12:34 of 1st period - Travis Zajac wins face-off versus Sebastian Aho in Penguins zone.
13:29 of 1st period - Penalty to Jordan Nolan is over, Jordan Nolan is back on ice.
13:39 of 1st period - Snap shot by Jordan Nolan.
13:39 of 1st period - Stopped by Braden Holtby with a rebound.
13:45 of 1st period - Calle Jarnkrok is hit by Nick Leddy and loses puck.
14:06 of 1st period - Kasperi Kapanen is hit by Brandon Tanev and loses puck.
14:58 of 1st period - Nick Ritchie is hit by Tom Wilson and loses puck.
15:31 of 1st period - Jacob Trouba is hit by Pavel Zacha.
15:49 of 1st period - Danny DeKeiser is hit by Calle Jarnkrok and loses puck.
16:08 of 1st period - Slapshot by Jakub Voracek.
16:08 of 1st period - Stopped by Braden Holtby without a rebound.
16:09 of 1st period - Max Reinhart wins face-off versus Nick Ritchie in Penguins zone.
16:24 of 1st period - Snap shot by Tom Wilson.
16:24 of 1st period - Shot Misses the Net.
16:26 of 1st period - Snap shot by Tyson Barrie.
16:26 of 1st period - Stopped by Steve Mason without a rebound.
16:27 of 1st period - Jeff Carter wins face-off versus Mark Scheifele in Flyers zone.
16:27 of 1st period - Jeff Carter is hit by Danny DeKeiser.
16:35 of 1st period - Slapshot by Jacob Trouba.
16:35 of 1st period - Shot Blocked by Marcus Johansson.
16:49 of 1st period - Minor Penalty to Danny DeKeiser for Hooking.
16:50 of 1st period - Jordan Nolan wins face-off versus Max Reinhart in Penguins zone.
17:03 of 1st period - Snap shot by Jordan Nolan.
17:03 of 1st period - Stopped by Braden Holtby with a rebound.
17:21 of 1st period - Wrist shot by Kasperi Kapanen.
17:21 of 1st period - Shot Misses the Net.
17:23 of 1st period - Snap shot by Jacob Trouba.
17:23 of 1st period - Shot Misses the Net.
17:25 of 1st period - Backhand shot by Jacob Trouba.
17:25 of 1st period - Stopped by Braden Holtby with a rebound.
17:27 of 1st period - Snap shot by Max Pacioretty.
17:27 of 1st period - Shot Misses the Net.
17:29 of 1st period - Slapshot by Nathan Beaulieu.
17:29 of 1st period - Deflect By Kasperi Kapanen.
17:29 of 1st period - Shot Misses the Net.
17:29 of 1st period - Puck is out of play.
17:30 of 1st period - Max Reinhart wins face-off versus Jordan Nolan in Penguins zone.
17:37 of 1st period - Nick Ritchie is hit by Oscar Klefbom and loses puck.
18:30 of 1st period - Nick Leddy is hit by Kasperi Kapanen.
18:49 of 1st period - Penalty to Danny DeKeiser is over, Danny DeKeiser is back on ice.
19:20 of 1st period - Snap shot by Travis Zajac.
19:20 of 1st period - Shot Blocked by Neal Pionk.
19:22 of 1st period - Wrist shot by Jacob Trouba.
19:22 of 1st period - Deflect By Brock Nelson.
19:22 of 1st period - Shot Misses the Net.
19:22 of 1st period - Puck is out of play.
19:23 of 1st period - Sebastian Aho wins face-off versus Calle Jarnkrok in Penguins zone.
19:34 of 1st period - Wrist shot by Mark Scheifele.
19:34 of 1st period - Stopped by Steve Mason without a rebound.
19:35 of 1st period - Derek Stepan wins face-off versus Jakub Voracek in Flyers zone.
19:36 of 1st period - Slapshot by Marcus Foligno.
19:36 of 1st period - Shot Misses the Net.
19:38 of 1st period - Slapshot by Nick Leddy.
19:38 of 1st period - Shot Blocked by Ivan Provorov.
19:40 of 1st period - Snap shot by Nick Leddy.
19:40 of 1st period - Stopped by Steve Mason with a rebound.
Goals for this period are 0 for Penguins vs 3 for Flyers.
Shots for this period are 7 for Penguins vs 12 for Flyers.
2nd period
0:01 of 2nd period - Sebastian Aho wins face-off versus Jordan Nolan in neutral zone.
0:28 of 2nd period - Jacob Trouba is hit by Derek Stepan and loses puck.
0:35 of 2nd period - Wrist shot by Derek Stepan.
0:35 of 2nd period - Shot Blocked by Max Pacioretty.
0:37 of 2nd period - Slapshot by Oscar Klefbom.
0:37 of 2nd period - Shot Misses the Net.
0:55 of 2nd period - Snap shot by Max Reinhart.
0:55 of 2nd period - Stopped by Steve Mason with a rebound.
0:57 of 2nd period - Snap shot by Max Reinhart.
0:57 of 2nd period - Stopped by Steve Mason without a rebound.
0:58 of 2nd period - Marcus Johansson wins face-off versus Jordan Nolan in Flyers zone.
1:29 of 2nd period - Jeff Carter is hit by Danny DeKeiser.
1:37 of 2nd period - Wrist shot by Derek Stepan.
1:37 of 2nd period - Shot Misses the Net.
1:39 of 2nd period - Slapshot by Marcus Foligno.
1:39 of 2nd period - Goal by Marcus Foligno - Penguins : 1 - Flyers : 3.
1:40 of 2nd period - Jordan Nolan wins face-off versus Sebastian Aho in neutral zone.
2:52 of 2nd period - Wrist shot by Brock Nelson.
2:52 of 2nd period - Shot Misses the Net.
2:56 of 2nd period - Snap shot by Brock Nelson.
2:56 of 2nd period - Stopped by Braden Holtby without a rebound.
2:57 of 2nd period - Jordan Nolan wins face-off versus Sebastian Aho in Penguins zone.
3:31 of 2nd period - Snap shot by Derek Stepan.
3:31 of 2nd period - Shot Blocked by Max Pacioretty.
3:41 of 2nd period - Neal Pionk is hit by Kasperi Kapanen and loses puck.
3:55 of 2nd period - Icing by Neal Pionk.
3:56 of 2nd period - Derek Stepan wins face-off versus Travis Konecny in Penguins zone.
4:03 of 2nd period - Snap shot by Travis Zajac.
4:03 of 2nd period - Stopped by Braden Holtby without a rebound.
4:04 of 2nd period - Sebastian Aho wins face-off versus Jordan Nolan in Penguins zone.
4:21 of 2nd period - Snap shot by Mark Scheifele.
4:21 of 2nd period - Shot Blocked by Ivan Provorov.
4:31 of 2nd period - Oscar Klefbom is hit by Max Pacioretty and loses puck.
5:18 of 2nd period - Slapshot by Keith Aulie.
5:18 of 2nd period - Stopped by Steve Mason with a rebound.
6:02 of 2nd period - Snap shot by Max Pacioretty.
6:02 of 2nd period - Stopped by Braden Holtby with a rebound.
6:04 of 2nd period - Slapshot by Max Pacioretty.
6:04 of 2nd period - Goal by Max Pacioretty - Penguins : 1 - Flyers : 4.
6:04 of 2nd period - Andrei Vasilevskiy enters game.
6:05 of 2nd period - Jordan Nolan wins face-off versus Sebastian Aho in neutral zone.
6:33 of 2nd period - Pavel Zacha is hit by Kasperi Kapanen and loses puck.
6:57 of 2nd period - Snap shot by Danny DeKeiser.
6:57 of 2nd period - Stopped by Steve Mason with a rebound.
7:01 of 2nd period - Snap shot by Tom Wilson.
7:01 of 2nd period - Shot Misses the Net.
7:03 of 2nd period - Slapshot by Danny DeKeiser.
7:03 of 2nd period - Stopped by Steve Mason without a rebound.
7:04 of 2nd period - Jordan Nolan wins face-off versus Sebastian Aho in Flyers zone.
7:31 of 2nd period - Jakub Voracek is hit by Keith Aulie.
7:50 of 2nd period - Snap shot by Jordan Nolan.
7:50 of 2nd period - Shot Blocked by Danny DeKeiser.
8:04 of 2nd period - Slapshot by Danny DeKeiser.
8:04 of 2nd period - Shot Blocked by Brian Lashoff.
8:35 of 2nd period - Off-side.
8:36 of 2nd period - Calle Jarnkrok wins face-off versus Sebastian Aho in neutral zone.
8:50 of 2nd period - Icing by Niclas Bergfors.
8:51 of 2nd period - Derek Stepan wins face-off versus Calle Jarnkrok in Flyers zone.
8:52 of 2nd period - Slapshot by Pavel Zacha.
8:52 of 2nd period - Stopped by Steve Mason with a rebound.
10:11 of 2nd period - Snap shot by Travis Konecny.
10:11 of 2nd period - Shot Misses the Net.
10:53 of 2nd period - Snap shot by Mark Scheifele.
10:53 of 2nd period - Shot Blocked by Brian Lashoff.
11:27 of 2nd period - Off-side.
11:28 of 2nd period - Jeff Carter wins face-off versus Evan Rodrigues in neutral zone.
11:33 of 2nd period - Snap shot by Blake Heinrich.
11:33 of 2nd period - Deflect By Kasperi Kapanen.
11:33 of 2nd period - Shot Blocked by Oscar Klefbom.
11:33 of 2nd period - Puck is out of play.
11:34 of 2nd period - Sebastian Aho wins face-off versus Jordan Nolan in Penguins zone.
11:45 of 2nd period - Slapshot by Oscar Klefbom.
11:45 of 2nd period - Stopped by Steve Mason with a rebound.
11:47 of 2nd period - Slapshot by Oscar Klefbom.
11:47 of 2nd period - Goal by Oscar Klefbom - Penguins : 2 - Flyers : 4.
11:48 of 2nd period - Jordan Nolan wins face-off versus Sebastian Aho in neutral zone.
12:25 of 2nd period - Wrist shot by Max Pacioretty.
12:25 of 2nd period - Deflect By Nick Leddy.
12:25 of 2nd period - Goal by Max Pacioretty - Penguins : 2 - Flyers : 5.
12:26 of 2nd period - Sebastian Aho wins face-off versus Jordan Nolan in neutral zone.
12:31 of 2nd period - Snap shot by Mark Scheifele.
12:31 of 2nd period - Deflect By Sebastian Aho.
12:31 of 2nd period - Shot Misses the Net.
12:31 of 2nd period - Puck is out of play.
12:32 of 2nd period - Sebastian Aho wins face-off versus Jordan Nolan in Flyers zone.
12:39 of 2nd period - Snap shot by Marcus Johansson.
12:39 of 2nd period - Stopped by Steve Mason with a rebound.
12:41 of 2nd period - Snap shot by Sebastian Aho.
12:41 of 2nd period - Stopped by Steve Mason without a rebound.
12:42 of 2nd period - Jordan Nolan wins face-off versus Sebastian Aho in Flyers zone.
12:47 of 2nd period - Jakub Voracek is hit by Sebastian Aho and loses puck.
13:08 of 2nd period - Marcus Foligno is hit by Jacob Trouba.
13:45 of 2nd period - Snap shot by Tom Wilson.
13:45 of 2nd period - Shot Misses the Net.
14:42 of 2nd period - Icing by Brandon Tanev.
14:43 of 2nd period - Jeff Carter wins face-off versus Derek Stepan in Penguins zone.
14:46 of 2nd period - Wrist shot by Jeff Carter.
14:46 of 2nd period - Deflect By Max Pacioretty.
14:46 of 2nd period - Stopped by Andrei Vasilevskiy with a rebound.
15:00 of 2nd period - Slapshot by Danny DeKeiser.
15:00 of 2nd period - Shot Blocked by Jacob Trouba.
15:12 of 2nd period - Wrist shot by Mark Scheifele.
15:12 of 2nd period - Shot Misses the Net.
15:16 of 2nd period - Slapshot by Sebastian Aho.
15:16 of 2nd period - Deflect By Marcus Johansson.
15:16 of 2nd period - Stopped by Steve Mason with a rebound.
15:18 of 2nd period - Slapshot by Mark Scheifele.
15:18 of 2nd period - Stopped by Steve Mason with a rebound.
15:50 of 2nd period - Snap shot by Derek Stepan.
15:50 of 2nd period - Goal by Derek Stepan - Penguins : 3 - Flyers : 5.
15:51 of 2nd period - Sebastian Aho wins face-off versus Jordan Nolan in neutral zone.
17:41 of 2nd period - Tyson Barrie is hit by Max Pacioretty and loses puck.
17:48 of 2nd period - Snap shot by Max Pacioretty.
17:48 of 2nd period - Shot Blocked by Marcus Johansson.
17:50 of 2nd period - Slapshot by Jake Dotchin.
17:50 of 2nd period - Shot Blocked by Marcus Johansson.
17:52 of 2nd period - Wrist shot by Jeff Carter.
17:52 of 2nd period - Shot Misses the Net.
18:07 of 2nd period - Wrist shot by Niclas Bergfors.
18:07 of 2nd period - Shot Misses the Net.
18:15 of 2nd period - Neal Pionk is hit by Calle Jarnkrok and loses puck.
19:25 of 2nd period - Snap shot by Nick Ritchie.
19:25 of 2nd period - Shot Misses the Net.
19:37 of 2nd period - Wrist shot by Jakub Voracek.
19:37 of 2nd period - Shot Misses the Net.
19:51 of 2nd period - Wrist shot by Pavel Zacha.
19:51 of 2nd period - Deflect By Derek Stepan.
19:51 of 2nd period - Stopped by Steve Mason with a rebound.
19:53 of 2nd period - Slapshot by Oscar Klefbom.
19:53 of 2nd period - Stopped by Steve Mason with a rebound.
19:55 of 2nd period - Wrist shot by Marcus Foligno.
19:55 of 2nd period - Stopped by Steve Mason with a rebound.
19:57 of 2nd period - Snap shot by Marcus Foligno.
19:57 of 2nd period - Stopped by Steve Mason with a rebound.
19:59 of 2nd period - Snap shot by Pavel Zacha.
19:59 of 2nd period - Stopped by Steve Mason without a rebound.
Goals for this period are 3 for Penguins vs 2 for Flyers.
Shots for this period are 19 for Penguins vs 6 for Flyers.
3rd period
0:01 of 3rd period - Jeff Carter wins face-off versus Sebastian Aho in neutral zone.
0:06 of 3rd period - Wrist shot by Jeff Carter.
0:06 of 3rd period - Shot Blocked by Nick Leddy.
0:08 of 3rd period - Slapshot by Brian Lashoff.
0:08 of 3rd period - Stopped by Andrei Vasilevskiy with a rebound.
0:10 of 3rd period - Snap shot by Jeff Carter.
0:10 of 3rd period - Stopped by Andrei Vasilevskiy without a rebound.
0:11 of 3rd period - Jeff Carter wins face-off versus Sebastian Aho in Penguins zone.
0:20 of 3rd period - Snap shot by Kasperi Kapanen.
0:20 of 3rd period - Deflect By Jeff Carter.
0:20 of 3rd period - Stopped by Andrei Vasilevskiy with a rebound.
0:26 of 3rd period - Wrist shot by Max Pacioretty.
0:26 of 3rd period - Stopped by Andrei Vasilevskiy with a rebound.
0:28 of 3rd period - Slapshot by Max Pacioretty.
0:28 of 3rd period - Deflect By Kasperi Kapanen.
0:28 of 3rd period - Stopped by Andrei Vasilevskiy with a rebound.
0:49 of 3rd period - Jakub Voracek is hit by Nick Leddy and loses puck.
1:04 of 3rd period - Wrist shot by Max Reinhart.
1:04 of 3rd period - Stopped by Steve Mason with a rebound.
1:21 of 3rd period - Off-side.
1:22 of 3rd period - Evan Rodrigues wins face-off versus Travis Zajac in neutral zone.
1:37 of 3rd period - Off-side.
1:38 of 3rd period - Jeff Carter wins face-off versus Sebastian Aho in neutral zone.
2:04 of 3rd period - Nick Leddy is hit by Nick Ritchie and loses puck.
2:10 of 3rd period - Off-side.
2:11 of 3rd period - Sebastian Aho wins face-off versus Jordan Nolan in neutral zone.
2:16 of 3rd period - Wrist shot by Marcus Johansson.
2:16 of 3rd period - Stopped by Steve Mason with a rebound.
2:18 of 3rd period - Slapshot by Danny DeKeiser.
2:18 of 3rd period - Deflect By Sebastian Aho.
2:18 of 3rd period - Shot Misses the Net.
2:18 of 3rd period - Puck is out of play.
2:19 of 3rd period - Jeff Carter wins face-off versus Sebastian Aho in Flyers zone.
2:21 of 3rd period - Minor Penalty to Max Pacioretty for Hooking.
2:22 of 3rd period - Jordan Nolan wins face-off versus Sebastian Aho in Flyers zone.
4:21 of 3rd period - Penalty to Max Pacioretty is over, Max Pacioretty is back on ice.
4:27 of 3rd period - Jordan Nolan is hit by Pavel Buchnevich and loses puck.
4:50 of 3rd period - Snap shot by Brandon Tanev.
4:50 of 3rd period - Stopped by Steve Mason without a rebound.
4:51 of 3rd period - Calle Jarnkrok wins face-off versus Evan Rodrigues in Flyers zone.
5:18 of 3rd period - Wrist shot by Calle Jarnkrok.
5:18 of 3rd period - Shot Blocked by Evan Rodrigues.
5:22 of 3rd period - Wrist shot by Calle Jarnkrok.
5:22 of 3rd period - Stopped by Andrei Vasilevskiy without a rebound.
5:23 of 3rd period - Jeff Carter wins face-off versus Sebastian Aho in Penguins zone.
5:29 of 3rd period - Minor Penalty to Marcus Johansson for Hooking.
5:30 of 3rd period - Nick Ritchie wins face-off versus Max Reinhart in Penguins zone.
6:05 of 3rd period - Snap shot by Kasperi Kapanen.
6:05 of 3rd period - Stopped by Andrei Vasilevskiy without a rebound.
6:06 of 3rd period - Max Reinhart wins face-off versus Jeff Carter in Penguins zone.
6:15 of 3rd period - Wrist shot by Ivan Provorov.
6:15 of 3rd period - Stopped by Andrei Vasilevskiy with a rebound.
6:17 of 3rd period - Slapshot by Ivan Provorov.
6:17 of 3rd period - Deflect By Marcus Foligno.
6:17 of 3rd period - Goal by Ivan Provorov - Penguins : 3 - Flyers : 6.
6:18 of 3rd period - Jeff Carter wins face-off versus Sebastian Aho in neutral zone.
6:45 of 3rd period - Max Pacioretty is hit by Max Reinhart and loses puck.
7:32 of 3rd period - Snap shot by Niclas Bergfors.
7:32 of 3rd period - Stopped by Andrei Vasilevskiy with a rebound.
7:34 of 3rd period - Wrist shot by Michael Bournival.
7:34 of 3rd period - Shot Misses the Net.
7:36 of 3rd period - Slapshot by Brian Lashoff.
7:36 of 3rd period - Deflect By Michael Bournival.
7:36 of 3rd period - Shot Misses the Net.
7:36 of 3rd period - Puck is out of play.
7:37 of 3rd period - Sebastian Aho wins face-off versus Michael Bournival in Penguins zone.
7:41 of 3rd period - Icing by Mark Scheifele.
7:42 of 3rd period - Jordan Nolan wins face-off versus Sebastian Aho in Penguins zone.
7:43 of 3rd period - Backhand shot by Jakub Voracek.
7:43 of 3rd period - Stopped by Andrei Vasilevskiy with a rebound.
7:45 of 3rd period - Slapshot by Nathan Beaulieu.
7:45 of 3rd period - Shot Misses the Net.
7:52 of 3rd period - Keith Aulie is hit by Jordan Nolan.
8:22 of 3rd period - Wrist shot by Kasperi Kapanen.
8:22 of 3rd period - Stopped by Andrei Vasilevskiy with a rebound.
8:44 of 3rd period - Snap shot by Calle Jarnkrok.
8:44 of 3rd period - Stopped by Andrei Vasilevskiy with a rebound.
8:48 of 3rd period - Snap shot by Calle Jarnkrok.
8:48 of 3rd period - Stopped by Andrei Vasilevskiy without a rebound.
8:49 of 3rd period - Nick Ritchie wins face-off versus Sebastian Aho in Penguins zone.
9:00 of 3rd period - Snap shot by Jakub Voracek.
9:00 of 3rd period - Stopped by Andrei Vasilevskiy without a rebound.
9:01 of 3rd period - Sebastian Aho wins face-off versus Jordan Nolan in Penguins zone.
10:14 of 3rd period - Wrist shot by Evan Rodrigues.
10:14 of 3rd period - Goal by Evan Rodrigues - Penguins : 4 - Flyers : 6.
10:15 of 3rd period - Jordan Nolan wins face-off versus Sebastian Aho in neutral zone.
10:22 of 3rd period - Snap shot by Jakub Voracek.
10:22 of 3rd period - Stopped by Andrei Vasilevskiy with a rebound.
10:30 of 3rd period - Snap shot by Marcus Johansson.
10:30 of 3rd period - Stopped by Steve Mason with a rebound.
10:32 of 3rd period - Slapshot by Oscar Klefbom.
10:32 of 3rd period - Shot Blocked by Jacob Trouba.
10:47 of 3rd period - Derek Stepan is hit by Jeff Carter and loses puck.
10:56 of 3rd period - Neal Pionk is hit by Kasperi Kapanen and loses puck.
11:56 of 3rd period - Backhand shot by Dmitrij Jaskin.
11:56 of 3rd period - Deflect By Jakub Voracek.
11:56 of 3rd period - Stopped by Steve Mason without a rebound.
11:57 of 3rd period - Jeff Carter wins face-off versus Derek Stepan in Flyers zone.
12:06 of 3rd period - Wrist shot by Kasperi Kapanen.
12:06 of 3rd period - Shot Blocked by Nick Leddy.
12:44 of 3rd period - Off-side.
12:45 of 3rd period - Calle Jarnkrok wins face-off versus Max Reinhart in neutral zone.
12:57 of 3rd period - Minor Penalty to Michael Bournival for Slashing.
12:58 of 3rd period - Sebastian Aho wins face-off versus Jordan Nolan in Flyers zone.
12:59 of 3rd period - Snap shot by Mark Scheifele.
12:59 of 3rd period - Stopped by Steve Mason without a rebound.
13:00 of 3rd period - Jordan Nolan wins face-off versus Mark Scheifele in Flyers zone.
14:54 of 3rd period - Icing by Oscar Klefbom.
14:55 of 3rd period - Jordan Nolan wins face-off versus Derek Stepan in Penguins zone.
14:57 of 3rd period - Penalty to Michael Bournival is over, Michael Bournival is back on ice.
15:04 of 3rd period - Jeff Carter is hit by Pavel Buchnevich.
15:08 of 3rd period - Pavel Buchnevich is hit by Jeff Carter.
15:12 of 3rd period - Jake Dotchin is hit by Tom Wilson.
16:36 of 3rd period - Jeff Carter is hit by Tyson Barrie and loses puck.
16:42 of 3rd period - Icing by Nathan Beaulieu.
16:43 of 3rd period - Sebastian Aho wins face-off versus Jeff Carter in Flyers zone.
16:44 of 3rd period - Slapshot by Mark Scheifele.
16:44 of 3rd period - Stopped by Steve Mason without a rebound.
16:45 of 3rd period - Calle Jarnkrok wins face-off versus Sebastian Aho in Flyers zone.
17:18 of 3rd period - Wrist shot by Pavel Buchnevich.
17:18 of 3rd period - Goal by Pavel Buchnevich - Penguins : 5 - Flyers : 6.
17:19 of 3rd period - Calle Jarnkrok wins face-off versus Max Reinhart in neutral zone.
17:22 of 3rd period - Slapshot by Jacob Trouba.
17:22 of 3rd period - Deflect By Calle Jarnkrok.
17:22 of 3rd period - Stopped by Andrei Vasilevskiy without a rebound.
17:23 of 3rd period - Max Reinhart wins face-off versus Calle Jarnkrok in Penguins zone.
17:57 of 3rd period - Snap shot by Mark Scheifele.
17:57 of 3rd period - Stopped by Steve Mason with a rebound.
17:59 of 3rd period - Wrist shot by Mark Scheifele.
17:59 of 3rd period - Stopped by Steve Mason with a rebound.
18:01 of 3rd period - Slapshot by Oscar Klefbom.
18:01 of 3rd period - Deflect By Nathan Beaulieu.
18:01 of 3rd period - Stopped by Steve Mason with a rebound.
18:13 of 3rd period - Wrist shot by Jakub Voracek.
18:13 of 3rd period - Deflect By Jordan Nolan.
18:13 of 3rd period - Stopped by Andrei Vasilevskiy with a rebound.
19:16 of 3rd period - Snap shot by Travis Zajac.
19:16 of 3rd period - Shot Blocked by Oscar Klefbom.
19:18 of 3rd period - Snap shot by Niclas Bergfors.
19:18 of 3rd period - Deflect By Calle Jarnkrok.
19:18 of 3rd period - Shot Blocked by Nick Leddy.
19:18 of 3rd period - Puck is out of play.
19:19 of 3rd period - Pat Burns call a timeout for Penguins.
19:19 of 3rd period - Sebastian Aho wins face-off versus Niclas Bergfors in Penguins zone.
19:21 of 3rd period - Icing by Marcus Johansson.
19:22 of 3rd period - Sebastian Aho wins face-off versus Niclas Bergfors in Penguins zone.
19:50 of 3rd period - Penguins, Andrei Vasilevskiy is pulled from the net.
Goals for this period are 2 for Penguins vs 1 for Flyers.
Shots for this period are 12 for Penguins vs 18 for Flyers.